 Seeded DCSS version 0.29-a0-477-g62b78b4225 (webtiles) character file.

Game seed: 9296762951556685199 (custom seed)

326 davecave the Skirmisher (level 6, -4/43 HPs)
             Began as an Octopode Transmuter on May 24, 2022.
             Slain by a gnoll
             ... wielding a +0 whip
             ... led by a gnoll shaman
              (5 damage)
             ... on level 4 of the Dungeon.
             The game lasted 00:14:38 (4182 turns).

davecave the Skirmisher (Octopode Transmuter)       Turns: 4182, Time: 00:14:39

Health: -4/43      AC:  1    Str:  9    XL:     6   Next: 49%
Magic:  9/9        EV: 13    Int: 17    God:
Gold:   180        SH:  0    Dex: 13    Spells: 3/9 levels left

rFire   . . .      SeeInvis .     - Unarmed
rCold   . . .      Faith    .   (no shield)
rNeg    . . .      Spirit   .   (helmet restricted)
rPois   .          Reflect  .   (no amulet)
rElec   .          Harm     .   i - ring of wizardry
rCorr   .          Rampage  .   (no ring)
Will    .....                   (no ring)
Stlth   +++.......              (no ring)
HPRegen 0.14/turn               (no ring)
MPRegen 0.11/turn               (no ring)
                                (no ring)
                                (no ring)

@: no status effects
A: almost no armour, amphibious, 8 rings, camouflage 1, gelatinous body 1,
(nimble swimmer 1), tentacles
a: no special abilities


You were on level 4 of the Dungeon.
You visited 1 branch of the dungeon, and saw 4 of its levels.

You collected 180 gold pieces.

Inventory:

Hand Weapons
 n - a +1 dagger of venom
Magical Staves
 h - a staff of poison
Jewellery
 i - a ring of wizardry (left tentacle)
Wands
 l - a wand of acid (13)
Scrolls
 c - a scroll of fear {unknown}
 g - 2 scrolls of fog {unknown}
 k - a scroll of magic mapping {unknown}
 o - a scroll of enchant weapon {unknown}
 r - a scroll of noise {unknown}
 s - a scroll of teleportation {unknown}
Potions
 a - 2 potions of lignification
 b - a potion of degeneration
 d - a potion of haste
 f - a potion of curing
 j - a potion of cancellation
 m - a potion of heal wounds
 p - a potion of might


   Skills:
 - Level 4.1 Fighting
 - Level 2.0 Dodging
 - Level 3.0 Stealth
 - Level 3.0 Unarmed Combat
 - Level 2.0 Spellcasting
 - Level 4.0 Transmutations
 + Level 2.5 Poison Magic


You had 3 spell levels left.
You knew the following spells:

 Your Spells              Type           Power      Damage    Failure   Level
a - Beastly Appendage     Tmut           30%        N/A       1%          1
b - Wereblood             Tmut           15%        N/A       2%          2
c - Spider Form           Tmut/Pois      12%        N/A       6%          3

Your spell library contained the following spells:

 Spells                   Type           Power      Damage    Failure   Level
 Scorch                   Fire           2%         2d5       12%         2
 Ice Form                 Ice/Tmut       8%         N/A       32%         4
 Cause Fear               Hex            0%         N/A       56%         4
 Flame Wave               Conj/Fire      1%         2d4       56%         4
 Summon Cactus Giant      Summ           0%         N/A       100%        6
 Dragon Form              Tmut           7%         N/A       100%        7
 Dragon's Call            Summ           0%         N/A       100%        9


Dungeon Overview and Level Annotations

Branches:
Dungeon (4/15)
 Temple: D:4-7

Altars:
Yredelemnul

Shops:
D:1 =   D:2 ?

Annotations:
D:2 Sigmund
D:4 2 runed translucent doors, Crazy Yiuf


Innate Abilities, Weirdness & Mutations

You cannot wear most types of armour.
You are amphibious.
You can wear up to eight rings at the same time.
Your skin changes colour to match your surroundings (Stealth+).
Your rubbery body absorbs attacks. (AC +1, EV +1)
((You are camouflaged when in or above water. (Stealth+)))
You have tentacles for arms and can constrict up to eight enemies at once.


Message History

The kobold brigand is moderately wounded.
You constrict the kobold brigand.
The kobold brigand hits you with a +0 dagger.
Unknown command.
You tentacle-slap the kobold brigand.
You pierce the kobold brigand.
You squeeze the kobold brigand.
The kobold brigand is almost dead.
You constrict the kobold brigand.
The kobold brigand hits you with a +0 dagger!
* * * LOW HITPOINT WARNING * * *
Unknown command.
You barely miss the kobold brigand.
The kobold brigand is almost dead.
You constrict the kobold brigand.
You kill the kobold brigand!
Your Poison Magic skill gained 2 levels and is now at level 2!
Unknown command.
Okay, then.
Okay, then.
You feel much better.
Your transformation is almost over.
The gnoll hits you from afar with a +0 trident.
The gnoll barely misses you. The gnoll attacks as you move away!
The gnoll misses you. The gnoll attacks as you move away!
The gnoll hits you with a +0 whip. The gnoll attacks as you move away!
The gnoll hits you with a +0 whip. The gnoll attacks as you move away!
The gnoll hits you with a +0 whip.
* * * LOW HITPOINT WARNING * * *
Your tentacle spike disappears.
The gnoll attacks as you move away! The gnoll closely misses you.
The gnoll attacks as you move away! The gnoll hits you with a +0 whip.
* * * LOW HITPOINT WARNING * * *
The gnoll attacks as you move away! The gnoll barely misses you.
The gnoll attacks as you move away! The gnoll hits you with a +0 whip!
* * * LOW HITPOINT WARNING * * *
As you read the scroll labelled ZUWNUG QUENID, it crumbles to dust.
It is a scroll of enchant armour.
You aren't carrying any armour which can be enchanted further.
The gnoll hits you with a +0 whip.
You die...

#......#...#####
##...####.#.....#
.'...')...#..##>######
.#..)##.#†#..#.......#
.....#.......#######.#
............>...#....#
.###..............#####
..####....####........##
#.# #.....8#...@g.g...#
#.## #......#########g##
...###.....### #......#
...##..###.#.. ###.##.#
...#...#p+.#._ #.g...#
.......###.#.. #.....#
..#........### ####g##
##...#......# ##.#
##.#.......8# #..#


You could see 3 gnolls.

Vanquished Creatures
  A kobold brigand (D:4)
  A scorpion (D:4)
  An iguana (D:4)
  Natasha (D:4)
  2 gnolls
  3 adders
  5 dart slugs
  5 orcs
  5 bats
  6 endoplasms
  3 giant cockroaches
  8 goblins
  6 hobgoblins
  8 jackals
  6 kobolds
  3 quokkas
  7 ball pythons
  4 frilled lizards (D:1)
  A goblin zombie (D:4)
  A kobold skeleton (D:4)
  5 rats
82 creatures vanquished.

Vanquished Creatures (others)
  11 plants (D:4)
11 creatures vanquished.

Grand Total: 93 creatures vanquished

Notes
Turn   | Place    | Note
-------+----------+-------------------------------------------
     0 | D:1      | davecave the Octopode Transmuter began the quest for the
                  | Orb.
     0 | D:1      | Reached XP level 1. HP: 13/13 MP: 3/3
   287 | D:1      | Reached XP level 2. HP: 19/19 MP: 5/5
   323 | D:1      | Found Ogiomu Neig's One-of-a-Kind Rings.
   590 | D:1      | Reached XP level 3. HP: 10/25 MP: 4/6
  1461 | D:2      | Identified the +0 scale mail "Gapic" {Contam SInv Stlth+}
  1493 | D:2      | Found Hiclifor's Magic Scroll Boutique.
  1536 | D:2      | Learned a level 2 spell: Wereblood
  1540 | D:2      | Learned a level 3 spell: Spider Form
  1866 | D:2      | Reached XP level 4. HP: 32/33 MP: 5/7
  1888 | D:2      | Found a faded altar of an unknown god.
  2002 | D:2      | Noticed Sigmund
  2743 | D:3      | Reached skill level 1 in Stealth
  3514 | D:4      | Reached XP level 5. HP: 33/37 MP: 6/8
  3663 | D:4      | Noticed a human
  3664 | D:4      | Found a runed translucent door.
  3668 | D:4      | Found a basalt altar of Yredelemnul.
  3759 | D:4      | Noticed Natasha
  3778 | D:4      | Killed Natasha
  3779 | D:4      | Reached XP level 6. HP: 18/43 MP: 9/9
  3974 | D:4      | Found a runed translucent door.
  3975 | D:4      | Noticed Crazy Yiuf
  4181 | D:4      | HP: 1/43 [gnoll/+0 whip[a gnoll shaman] (7)]
  4182 | D:4      | Slain by a gnoll

Illustrated notes

Levels and vault maps discovered:
D:1:      amcnicky_arrival_flooded_fountain, layout_basic,
          nicolae_shop_unique_rings
D:2:      layout_rooms, serial_shops, shop, basic_ecumenical_altar,
          kennysheep_generic_room_16, uniq_sigmund
D:3:      layout_basic
D:4:      layout_basic, dk_yredelemnul_ordeal, serial_glass, glass_columns_a,
          glass_columns_a, glass_columns_a, lexackson_kobold_supper,
          uniq_crazy_yiuf_cottage, uniq_natasha

Skill      XL: |  1  2  3  4  5  6 |
---------------+-------------------+-----
Fighting       | 2 3 4 |  4.1
Stealth        | 3 |  3.0
Transmutations | 3 4 |  4.0
Poison Magic   | 2 |  2.5
Dodging        | |  2.0
Unarmed Combat | |  3.0
Spellcasting   | |  2.0

Action                   |  1- 3 |  4- 6 || total
-------------------------+-------+-------++-------
Melee: Unarmed           |    83 |   112 ||   195
       Constrict         |    24 |    31 ||    55
       Tentacles         |    16 |    29 ||    45
       Kick              |    19 |    41 ||    60
       Punch             |     3 |     3 ||     6
 Cast: Beastly Appendage |    15 |    25 ||    40
  Use: Scroll            |       |     7 ||     7
       Potion            |       |     1 ||     1
 Stab: Sleeping          |     3 |     8 ||    11
Armor: Skin              |     6 |     8 ||    14
Dodge: Dodged            |    57 |    88 ||   145

Table legend: (Time is in decaauts)
 A = Elapsed time spent in this place.
 B = Non-inter-level travel time spent in this place.
 C = Inter-level travel time spent in this place.
 D = Time resting spent in this place.
 E = Time spent auto-exploring this place.
 F = Levels seen in this place.
 G = Mean time per level.
                   A        B        C        D        E       F      G
               +--------+--------+--------+--------+--------+-----+--------+
         Total |   4171 |   3881 |    290 |    604 |   2119 |   4 | 1042.8 |
       Dungeon |   4171 |   3881 |    290 |    604 |   2119 |   4 | 1042.8 |
               +--------+--------+--------+--------+--------+-----+--------+

Top non-repeatable levels by time:
     D:1: 1631 daAuts
     D:3: 941 daAuts
     D:2: 801 daAuts
     D:4: 798 daAuts
